 Dungeon Crawl Stone Soup version 0.26.0-16-gc1dbca0489 (webtiles) character file.

Game seed: 805816735414173965

141 Gauvater the Shield-Bearer (level 5, -4/42 HPs)
             Began as a Formicid Fighter on Jan 18, 2021.
             Slain by a gnoll
             ... wielding a +0 halberd
              (11 damage)
             ... on level 3 of the Dungeon.
             The game lasted 00:07:07 (2845 turns).

Gauvater the Shield-Bearer (Formicid Fighter)       Turns: 2845, Time: 00:07:07

Health: -4/42      AC:  9    Str: 21    XL:     5   Next: 48%
Magic:  14/14      EV:  8    Int:  8    God:
Gold:   290        SH:  9    Dex: 10    Spells: 4/4 levels left

rFire    . . .     SeeInvis +   a - +0 war axe
rCold    . . .     Faith    .   c - +0 kite shield
rNeg     . . .     Spirit   .   b - +0 scale mail
rPois    .         Reflect  .   (helmet unavailable)
rElec    .         Harm     .   j - +0 cloak
rCorr    .         Rampage  .   r - +0 pair of gloves
Will     .....                  (no boots)
Stlth    ..........             (no amulet)
HPRegen  0.14/turn              k - ring of magical power
MPRegen  0.14/turn              (no ring)

@: no status effects
A: permanent stasis, dig shafts and tunnels, four strong arms, antennae 3
a: Dig, Shaft Self


You were on level 3 of the Dungeon.
You visited 1 branch of the dungeon, and saw 3 of its levels.

You collected 290 gold pieces.

Inventory:

Hand Weapons
 a - a +0 war axe (weapon)
Missiles
 i - 5 javelins
 o - 14 poisoned darts
Armour
 b - a +0 scale mail (worn)
 c - a +0 kite shield (worn)
 j - a +0 cloak (worn)
 r - a +0 pair of gloves (worn)
Jewellery
 k - a ring of magical power (left hand)
Scrolls
 e - 3 scrolls of teleportation {unknown}
 f - 3 scrolls of remove curse {unknown}
 g - 6 scrolls of identify {unknown}
 l - 3 scrolls of amnesia {unknown}
 n - a scroll of immolation {unknown}
 t - a scroll of magic mapping {unknown}
Potions
 d - 2 potions of might
 h - a potion of lignification {unknown}
 m - a potion of invisibility {unknown}
 p - 3 potions of mutation {unknown}
 q - a potion of heal wounds {unknown}
 s - a potion of curing {unknown}
 u - a potion of flight {unknown}


   Skills:
 + Level 4.2 Fighting
 + Level 3.7 Axes
 + Level 3.6 Armour
 + Level 0.4 Dodging
 + Level 4.4 Shields


You had 4 spell levels left.
You didn't know any spells.
Your spell library was empty.

Dungeon Overview and Level Annotations

Branches:
Dungeon (3/15)

Altars:
Dithmenos
Xom


Innate Abilities, Weirdness & Mutations

You cannot be hasted, slowed, berserked, paralysed or teleported.
You can dig through walls and to a lower floor.
Your four strong arms can wield two-handed weapons with a shield.
You have a pair of large antennae on your head. (SInv)


Message History

You barely miss the gnoll. You closely miss the gnoll.
The gnoll hits you but does no damage. The gnoll hits you with a +0 halberd!
You slash the gnoll!
The gnoll is heavily wounded.
Your scale mail prevents you from hitting the gnoll.
The gnoll hits you with a +0 spear. The gnoll hits you with a +0 halberd.
You hit the gnoll.
The gnoll is almost dead.
You hit the gnoll but do no damage. The gnoll barely misses you.
You block the gnoll's attack. The gnoll hits you with a +0 spear.
* * * LOW HITPOINT WARNING * * *
You hit the gnoll.
You kill the gnoll!
You slash the gnoll! The gnoll hits you with a +0 halberd.
* * * LOW HITPOINT WARNING * * *
The gnoll barely misses you.
Things that are here:
a +0 spear; a gnoll corpse The gnoll hits you with a +0 halberd!
You die...

#...............#
#..(............#
###..(............#
...........)......#
..................#
.....(............#
###...............#
# #...(.........g.#
# #.............@.#
# #...............#
# #...............#
# #...............#
# #...............#
# #################
# # ##


You could see a gnoll.

Vanquished Creatures
  Robin (D:2)
  2 gnolls (D:3)
  2 adders (D:3)
  An ooze (D:3)
  2 worms (D:3)
  2 dart slugs
  4 leopard geckos
  2 orcs (D:3)
  5 bats
  A giant cockroach (D:1)
  15 goblins
  7 hobgoblins
  4 jackals (D:3)
  9 kobolds
  4 frilled lizards
  7 rats
68 creatures vanquished.

Notes
Turn   | Place    | Note
-------+----------+-------------------------------------------
     0 | D:1      | Gauvater the Formicid Fighter began the quest for the Orb.
     0 | D:1      | Reached XP level 1. HP: 18/18 MP: 1/1
   177 | D:1      | Reached XP level 2. HP: 12/24 MP: 2/2
   734 | D:1      | Reached XP level 3. HP: 30/30 MP: 3/3
  1311 | D:2      | Noticed Robin
  1317 | D:2      | Killed Robin
  1321 | D:2      | Reached XP level 4. HP: 30/37 MP: 4/4
  1534 | D:2      | Found a shadowy altar of Dithmenos.
  2008 | D:3      | Reached XP level 5. HP: 42/42 MP: 5/5
  2462 | D:3      | Found a shimmering altar of Xom.
  2845 | D:3      | Slain by a gnoll

Illustrated notes

Levels and vault maps discovered:
D:1:      matt_arrival_refuge, layout_basic
D:2:      layout_rooms, glass_columns_a,
          nicolae_dithmenos_through_a_glass_darkly, uniq_robin
D:3:      layout_basic, nicolae_overflow_crystal_walls, minmay_bisected

Skill      XL: |  1  2  3  4 |
---------------+-------------+-----
Fighting       | 4 |  4.2
Shields        | 4 |  4.4
Axes           | 3 |  3.7
Armour         | |  3.6
Dodging        | |  0.4

Action                   |  1- 3 |  4- 6 || total
-------------------------+-------+-------++-------
Melee: War axe           |    70 |   153 ||   223
Armor: Scale mail        |    33 |    69 ||   102
Dodge: Dodged            |    26 |    50 ||    76
Block: Kite shield       |    37 |    87 ||   124
